 Dungeon Crawl Stone Soup version 0.26-a0-651-gb41185065b (webtiles) character file.

Game seed: 4707440499526417404

3985 miket3c the Cleaver (level 10, -7/85 (86) HPs)
             Began as a Minotaur Berserker on Sept 30, 2020.
             Was an Elder of Trog.
             Mangled by Erolcha
             ... wielding a +0 giant club
              (26 damage)
             ... on level 9 of the Dungeon.
             The game lasted 00:15:52 (8893 turns).

miket3c the Cleaver (Minotaur Berserker)            Turns: 8893, Time: 00:15:53

HP:   -7/85 (86)    AC: 13    Str: 29    XL:     10   Next: 3%
MP:   9/9           EV: 11    Int:  4    God:    Trog [****..]
Gold: 146           SH:  0    Dex: 11    Spells: 9/9 levels left

rFire    . . .     SeeInvis .   a - +0 hand axe
rCold    . . .     Faith    .   (no shield)
rNeg     . . .     Spirit   .   u - +0 chain mail
rPois    .         Reflect  .   (helmet restricted)
rElec    .         Harm     .   (no cloak)
rCorr    .         Rampage  .   D - +1 pair of gloves of Inevitability {Str+5}
MR       ++...                  (no boots)
Stlth    ..........             (no amulet)
HPRegen  1.24/turn              (no ring)
MPRegen  0.11/turn              (no ring)

@: berserk cooldown, regenerating, hasted, very quick
A: retaliatory headbutt, horns 2
a: Berserk, Trog's Hand, Brothers in Arms, Renounce Religion


You were on level 9 of the Dungeon.
You worshipped Trog.
Trog was greatly pleased with you.
You visited 1 branch of the dungeon, and saw 8 of its levels.

You collected 402 gold pieces.
You spent 256 gold pieces at shops.

Inventory:

Hand Weapons
 a - a +0 hand axe (weapon)
Missiles
 k - 278 stones (quivered)
 s - 4 boomerangs
Armour
 b - a +0 animal skin
 r - a +0 ring mail
 u - a +0 chain mail (worn)
 D - the +1 pair of gloves of Inevitability (worn) {Str+5}
   (You bought it in a shop on level 9 of the Dungeon)

   It affects your strength (+5).
Jewellery
 y - an uncursed amulet of guardian spirit {unknown}
 B - an uncursed amulet of reflection {unknown}
 C - an uncursed ring of positive energy {unknown}
Scrolls
 e - 2 scrolls of enchant weapon {unknown}
 f - 2 scrolls of immolation {unknown}
 h - 2 scrolls of fear {unknown}
 l - 2 scrolls of blinking {unknown}
 m - 3 scrolls of fog
 n - 5 scrolls of enchant armour {unknown}
 o - 7 scrolls of teleportation
 p - a scroll of random uselessness {unknown}
 q - 3 scrolls of noise {unknown}
 t - 5 scrolls of identify
 F - a scroll of amnesia {unknown}
 G - 2 scrolls of remove curse {unknown}
Potions
 c - 2 potions of magic {unknown}
 d - 2 potions of haste
 g - 7 potions of curing {unknown}
 i - a potion of brilliance {unknown}
 j - 3 potions of stabbing {unknown}
 v - a potion of mutation {unknown}
 w - a potion of lignification {unknown}
 x - a potion of invisibility {unknown}
 z - a potion of might {unknown}
 A - a potion of heal wounds {unknown}
 E - a potion of cancellation {unknown}


   Skills:
 + Level 7.6 Fighting
 * Level 12.7 Axes
 + Level 0.2 Throwing
 + Level 8.2 Armour
 + Level 4.9 Dodging
 - Level 2.0 Stealth
 + Level 0.1 Unarmed Combat


You had 9 spell levels left.
You didn't know any spells.
Your spell library was empty.

Dungeon Overview and Level Annotations

Branches:
Dungeon (9/15)             Temple (0/1) D:6            Lair (0/6) D:9
    Orc: D:9-12

Altars:
Kikubaaqudgha
Uskayaw
Yredelemnul
Zin
The Shining One

Shops:
D:9 [

Annotations:
D:9 2 runed translucent doors, exclusion: orange crystal statue, Erolcha


Innate Abilities, Weirdness & Mutations

You reflexively headbutt those who attack you in melee.
You have a pair of horns on your head.


Message History

Erolcha points at you and mumbles some strange words.
You resist with some effort.
Erolcha points at you and mumbles some strange words.
The lance of force hits you!
You are knocked back by the lance of force.
You slam into the rock wall!
Erolcha gestures at you while chanting.
The lance of force hits you but does no damage.
As you read the scroll of fog, it crumbles to dust.
The scroll dissolves into smoke.
Erolcha hits you with a +0 giant club!!
* * * LOW HITPOINT WARNING * * *
Your skin crawls.
You feel resistant to hostile enchantments.
Erolcha closely misses you.
You feel yourself speed up.
You feel yourself speed up. Erolcha hits you but does no damage.
Erolcha hits you with a +0 giant club!!
You die...

#..........
...........#
###...####
.######'####
#..##
###########.#
#.##
#....#......#
#.#
#.####§######
#.#####.# #§#
#.......# #§#
#######.#
#O##### #.#
#§@§..# #.#
#####.# #.#
#.#
#.########.#
#..........#
############


You could see Erolcha.

Vanquished Creatures
  A troll (D:9)
  Grinder (D:3)
  Sigmund (D:2)
  2 wraiths (D:9)
  A porcupine (D:9)
  An orc warrior (D:9)
  2 phantoms
  A black bear (D:9)
  3 necrophages
  2 ogres
  A centaur (D:9)
  3 big kobolds
  An elf zombie (D:9)
  5 killer bees (D:9)
  4 scorpions
  3 wights (D:9)
  A centaur zombie (D:7)
  2 bullfrog zombies (D:5)
  2 quasits (D:7)
  3 hounds
  A bullfrog skeleton (D:6)
  6 orc wizards
  3 human zombies (D:9)
  6 orc priests
  2 jellies
  3 iguanas
  6 worker ants
  A hound zombie (D:9)
  3 mummies (D:9)
  8 adders
  2 white imps
  3 adder skeletons
  2 worms (D:2)
  A dart slug (D:1)
  4 leopard geckos
  21 orcs
  4 ball pythons
  10 bats
  3 giant cockroaches
  8 hobgoblins
  11 jackals
  A quokka (D:6)
  9 frilled lizards
  11 goblins
  A jackal skeleton (D:5)
  15 kobolds
  16 rats
201 creatures vanquished.

Vanquished Creatures (collateral kills)
  A killer bee (D:9)
  3 wights (D:9)
4 creatures vanquished.

Vanquished Creatures (others)
  13 fungi (D:9)
  8 plants (D:9)
21 creatures vanquished.

Grand Total: 226 creatures vanquished

Notes
Turn   | Place    | Note
-------+----------+-------------------------------------------
     0 | D:1      | miket3c the Minotaur Berserker began the quest for the Orb.
     0 | D:1      | Reached XP level 1. HP: 19/19 MP: 0/0
   224 | D:1      | Reached XP level 2. HP: 22/27 MP: 1/1
   380 | D:1      | Reached skill level 4 in Axes
   988 | D:2      | Reached ** piety under Trog
   988 | D:2      | Reached XP level 3. HP: 24/34 MP: 2/2
   999 | D:2      | Reached XP level 4. HP: 11/41 MP: 3/3
  1017 | D:2      | HP: 2/41 [poisoned by a worker ant]
  1025 | D:2      | HP: 1/41 [poisoned by a worker ant]
  1839 | D:2      | Reached skill level 5 in Axes
  2004 | D:2      | Noticed Sigmund
  2012 | D:2      | Killed Sigmund
  2012 | D:2      | Reached skill level 5 in Fighting
  2012 | D:2      | Reached skill level 1 in Stealth
  2012 | D:2      | Reached XP level 5. HP: 46/48 MP: 4/4
  2012 | D:2      | Reached XP level 6. HP: 54/56 MP: 5/5
  2382 | D:2      | Found an ancient bone altar of Kikubaaqudgha.
  2657 | D:2      | Found a glowing golden altar of the Shining One.
  3283 | D:3      | Reached skill level 6 in Axes
  3475 | D:3      | Reached *** piety under Trog
  3531 | D:3      | Noticed Grinder
  3544 | D:3      | Paralysed by Grinder for 4 turns
  4093 | D:3      | Paralysed by Grinder for 2 turns
  4095 | D:3      | Killed Grinder
  4095 | D:3      | Reached skill level 7 in Axes
  4095 | D:3      | Reached XP level 7. HP: 40/62 MP: 6/6
  5126 | D:4      | Reached skill level 8 in Axes
  5443 | D:4      | Found a hide-covered altar of Uskayaw.
  5565 | D:4      | Found a glowing silver altar of Zin.
  5780 | D:4      | Got a polished ring mail
  5781 | D:4      | Identified the cursed +1 ring mail of Cowardice {rF+} (You
                  | found it on level 4 of the Dungeon)
  5798 | D:5      | Entered Level 5 of the Dungeon
  6050 | D:5      | Reached XP level 8. HP: 70/70 MP: 7/7
  6304 | D:5      | Reached **** piety under Trog
  6304 | D:5      | Reached skill level 5 in Armour
  6664 | D:6      | Reached skill level 9 in Axes
  6943 | D:6      | Found a staircase to the Ecumenical Temple.
  7483 | D:7      | Reached skill level 10 in Axes
  7715 | D:7      | Reached XP level 9. HP: 77/77 MP: 8/8
  7775 | D:7      | You fall into a shaft and drop 2 floors!
  7891 | D:9      | Found Gietwuk's Antique Armour Shoppe.
  7899 | D:9      | Bought a pair of ichor-stained gloves for 256 gold pieces
  7904 | D:9      | Identified the +1 pair of gloves of Inevitability {Str+5}
                  | (You bought it in a shop on level 9 of the Dungeon)
  7956 | D:9      | Reached skill level 11 in Axes
  8232 | D:9      | Reached skill level 12 in Axes
  8272 | D:9      | Found a basalt altar of Yredelemnul.
  8410 | D:9      | Found a staircase to the Lair.
  8418 | D:9      | Reached ***** piety under Trog
  8794 | D:9      | Found a runed translucent door.
  8800 | D:9      | Found the +10 tower shield of Ignorance {rN+ Int-4}
  8816 | D:9      | Found a runed translucent door.
  8816 | D:9      | Noticed an orange crystal statue
  8862 | D:9      | Noticed Erolcha
  8865 | D:9      | Noticed a troll
  8874 | D:9      | Killed a troll
  8874 | D:9      | Reached XP level 10. HP: 62/85 MP: 9/9
  8893 | D:9      | Mangled by Erolcha

Illustrated notes

Levels and vault maps discovered:
D:1:      wander_arrival_estate, layout_basic
D:2:      layout_basic, nicolae_overflow_hidden_temple, interstate_on_off,
          uniq_sigmund
D:3:      layout_rooms, uniq_grinder
D:4:      layout_basic, marbit_many_paths, zin_academy, kennysheep_dice
D:5:      layout_gridville, minmay_misc_feat_four_crosses
D:6:      layout_cave_pools, minmay_temple_entry_slanted
D:7:      layout_cave_pools
D:9:      layout_basic, lemuel_mausoleum_altar_yredelemnul,
          grunt_lair_entry_orc_guard_hut, serial_shops, shop,
          chequers_guarded_unrand_ignorance, uniq_erolcha

Skill      XL: |  1  2  3  4  5  6  7  8  9 |
---------------+----------------------------+-----
Fighting       | 4 5 6 7 |  7.6
Axes           | 4 5 7 8 10 12 | 12.7
Dodging        | 3 4 |  4.9
Stealth        | 1 2 |  2.0
Armour         | 3 4 6 8 |  8.2
Throwing       | |  0.2
Unarmed Combat | |  0.1

Action                   |  1- 3 |  4- 6 |  7- 9 | 10-12 || total
-------------------------+-------+-------+-------+-------++-------
Melee: Hand axe          |    58 |   113 |   418 |       ||   589
       Headbutt          |    12 |    24 |    90 |       ||   126
       Unarmed           |       |    20 |       |       ||    20
Throw: Stone             |       |       |    12 |       ||    12
Invok: Berserk           |       |     3 |     3 |       ||     6
       Trog's Hand       |       |     1 |     4 |     1 ||     6
       Brothers in Arms  |       |       |     1 |       ||     1
  Use: Scroll            |       |       |     4 |     1 ||     5
       Potion            |       |       |       |     1 ||     1
 Stab: Sleeping          |     1 |     2 |       |       ||     3
       Distracted        |       |     1 |       |       ||     1
Armor: Animal skin       |     8 |     8 |       |       ||    16
       Ring mail         |       |    12 |     8 |       ||    20
       Chain mail        |       |       |   139 |     4 ||   143
Dodge: Dodged            |    38 |    77 |   176 |     2 ||   293

Table legend: (Time is in decaauts)
 A = Elapsed time spent in this place.
 B = Non-inter-level travel time spent in this place.
 C = Inter-level travel time spent in this place.
 D = Time resting spent in this place.
 E = Time spent auto-exploring this place.
 F = Levels seen in this place.
 G = Mean time per level.
                   A        B        C        D        E       F      G
               +--------+--------+--------+--------+--------+-----+--------+
         Total |   8863 |   8297 |    566 |   1827 |   5167 |   8 | 1107.9 |
       Dungeon |   8863 |   8297 |    566 |   1827 |   5167 |   8 | 1107.9 |
               +--------+--------+--------+--------+--------+-----+--------+

Top non-repeatable levels by time:
     D:2: 2053 daAuts
     D:4: 1425 daAuts
     D:1: 1246 daAuts
     D:3: 1091 daAuts
     D:9: 1091 daAuts
     D:6: 747 daAuts
     D:5: 665 daAuts
     D:7: 542 daAuts
